Unix NetHack Version 5.0.0-0 post-release - last build Jun 10 2026 00:39:30 (3ee93aec679c4c4259841fe613dc97188e26a321,branch:main).

Game began 2026-06-22 08:15:31, ended 2026-06-22 08:55:41.

LDaviesPeters, neutral female human Archeologist

  ----------------        --------                          $
  |..............|        |......|   $         $
  |......<........# *  $  |......|                            -------
  |...........*..|#       |.....[.#                          #......|
  --------.-------#       |......|#                          #|......#
          #      ##       |......|#                          #-------#
     $    #      #        |......|#                 $ $      ###     #
       #### $   ##        -|-.----#                            #    ##
       #      $ #          # #############################     #    #
      ##        #          #   #####           ----------|-----#    #
 -----.----     #          #      #####        |.....Z.....^(.|#    #
 |...*....|     #         ##############       |..@s.:........|#    #-------
 |.........#    #         #       # -+-.- $   #-..............-#    #|.....|
 |{.......|#    #---------.----   # |...|     #|..............|     #|.>...|
 |...^....|#    #.............|   # |...| #####----------------     #|...._|
 |.........###   |............|   ##..k.|##                         #|.....|
 |........|  #   |............|     |....#                          #|.....|
 ----------  `###.............|     -----                           #......|
                 --------------                                      -------

LDaviesPeters the Field Worker  St:11 Dx:9 Co:14 In:18 Wi:18 Ch:10  Neutral
Dlvl:2  $:0  HP:0(27) Pw:17(17) AC:9  Xp:4 T:1884  Burdened

Latest messages:
 You find a dart trap.
 You see here a candle.
 You have a little trouble lifting w - a candle.
 In what direction? 8
 You kick a green gem.
 In what direction? 8
 You kick a yellowish brown gem.
 You have a little trouble lifting x - a green gem.
 y - a yellowish brown gem.
 What do you want to use or apply? [abfgknpuwY or ?*] g
 What do you want to rub on the stone? [xy or ?*] x
 x - a worthless piece of green glass.
 What do you want to drop? [a-df-ik-npru-yTUY or ?*] g
 You drop an uncursed touchstone.
 You have a little trouble lifting g - an uncursed touchstone.
 What do you want to use or apply? [abfgknpuwY or ?*] g
 What do you want to rub on the stone? [y or ?*] y
 y - an amber stone.
 You drop a worthless piece of green glass.
 You hear the splashing of a naiad.
 You hear a door open.
 You lash the iguana.
 The iguana bites!
 You miss the iguana.
 The iguana bites!
 You miss the iguana.
 The iguana bites!
 The gnome zombie hits!
 You miss the iguana.
 The iguana bites!
 The gnome zombie hits!
 You miss the iguana.
 The gnome zombie hits!
 You lash the iguana.
 The iguana bites!
 The gnome zombie hits!
 The cave spider bites!
 You lash the cave spider.
 The cave spider bites!
 The iguana bites!
 The cave spider bites!
 The cave spider bites!
 The cave spider just misses!
 The cave spider bites!
 You die...
 Do you want your possessions identified? [ynq] (y) y
 Do you want to see your attributes? [ynq] (y) y
 Do you want an account of creatures vanquished? [ynaq] (y) n
 Do you want to see your conduct and achievements? [ynq] (y) y
 Do you want to see the dungeon overview? [ynq] (y) n

Inventory:
 Weapons  (')')
  i - 20 +0 darts
  T - 9 +0 shuriken
  U - a +1 dagger
  a - a burnt +2 bullwhip (weapon in right hand)
  l - the +3 Orcrist
 Armor    ('[')
  c - an uncursed +0 fedora (being worn)
  r - an uncursed +0 helm of caution
  h - an uncursed +0 leather jacket (being worn)
 Comestibles  ('%')
  d - 6 uncursed food rations
 Scrolls  ('?')
  v - an uncursed scroll of amnesia
 Rings    ('=')
  m - a cursed ring of aggravate monster
 Wands    ('/')
  u - a wand of digging (0:4)
 Tools    ('(')
  b - an uncursed sack containing 9 items
  k - an uncursed lock pick
  p - a +0 pick-axe
  n - an uncursed tallow candle
  w - a cursed tallow candle
  Y - an uncursed tin whistle
  f - a tinning kit (0:47)
 Gems/Stones  ('*')
  y - a cursed amber stone
  g - an uncursed touchstone

Contents of the sack:
  14 gold pieces
  an uncursed scroll of earth
  a blessed scroll of enchant weapon
  a cursed scroll of remove curse
  an uncursed spellbook of force bolt
  an uncursed potion of gain ability
  a cursed potion of gain energy
  2 uncursed potions of healing
  an uncursed potion of monster detection

LDaviesPeters the Archeologist's attributes:

Background:
 You were a Field Worker, a level 4 female human Archeologist.
 You were neutral, on a mission for Camaxtli
 who was opposed by Quetzalcoatl (lawful) and Huhetotl (chaotic).
 You were right-handed.
 You were in the Dungeons of Doom, on level 2.
 You entered the dungeon 1884 turns ago.
 You had 90 experience points, 70 more were needed to attain level 5.

Basics:
 You had 0 out of 27 hit points.
 You had all 17 energy points (spell power).
 Your armor class was 9.
 Your wallet was empty, but
 you had 14 zorkmids stashed away in your pack.
 Autopickup was off.

Final Characteristics:
 Your strength was 11 (limit:18/100).
 Your dexterity was 9 (limit:18).
 Your constitution was 14 (limit:18).
 Your intelligence was 18 (limit:18).
 Your wisdom was 18 (limit:18).
 Your charisma was 10 (limit:18).

Final Status:
 You weren't hungry.
 You were burdened; movement was slightly slowed.
 You were wielding a whip.
 You had basic skill with whip.

Final Attributes:
 You were devoutly aligned.
 You had automatic searching.
 You were lucky.
 You are dead.

Miscellaneous:
 You encountered 1 bones level.
 Total elapsed playing time was 40 minutes and 9 seconds.

Major events:
 Turn
    1: LDaviesPeters the neutral female human Archeologist entered the dungeon
  261: found Orcrist on the floor
  661: attained the rank of Field Worker (level 3)
 1303: entered the Gnomish Mines
 1884: killed by a cave spider

You didn't know any spells.

Skills:
 Fighting Skills
   bare handed combat [Unskilled]
   two weapon combat  [Unskilled]
   riding             [Unskilled]
 Weapon Skills
   dagger             [Unskilled]
   knife              [Unskilled]
   pick-axe           [Basic]
   short sword        [Unskilled]
   saber              [Unskilled]
   club               [Unskilled]
   quarterstaff       [Unskilled]
   sling              [Unskilled]
   dart               [Unskilled]
   boomerang          [Unskilled]
   whip               [Basic]
   unicorn horn       [Unskilled]
 Spellcasting Skills
   attack spells      [Unskilled]
   healing spells     [Unskilled]
   divination spells  [Unskilled]
   matter spells      [Unskilled]

Voluntary challenges:
 Character rerolling was not enabled.
 You never genocided any monsters.
 You never polymorphed an object.
 You never changed form.
 You used no wishes.
Achievements:
 You attained the rank of Field Worker.
 You entered a shop.
 You entered the Gnomish Mines.

 The Dungeons of Doom: levels 1 to 4
    Level 1:
       Some fountains.
    Level 2: <- You were here.
       An altar to Camaxtli, a fountain.
       Final resting place for
          you, killed by a cave spider.
    Level 3:
       A weapon shop.
       Stairs down to The Gnomish Mines.
    Level 4:
       Final resting place for
          Trystero-Ran-Hum-Mal-Neu, killed by a wererat, while praying.
 The Gnomish Mines:
    Level 4:


Vanquished creatures:
 an orc zombie
  a coyote
  a giant rat
  a brown mold
  a green mold
  a red mold
  3 gnomes
  a gecko
  2 jackals
  a fox
  3 kobolds
  2 goblins
  2 sewer rats
  2 grid bugs
  3 lichens
  a kobold zombie
  6 newts
32 creatures vanquished.

No species were genocided or became extinct.

Game over:
                       ----------
                      /          \
                     /    REST    \
                    /      IN      \
                   /     PEACE      \
                  /                  \
                  |  LDaviesPeters   |
                  |      14 Au       |
                  | killed by a cave |
                  |      spider      |
                  |                  |
                  |                  |
                  |       2026       |
                 *|     *  *  *      | *
        _________)/\\_//(\/(/\)/\//\/|_)_______

Goodbye LDaviesPeters the Archeologist...

You died in The Dungeons of Doom on dungeon level 2 with 533 points,
and 14 pieces of gold, after 1884 moves.
You were level 4 with a maximum of 27 hit points when you died.

